 Dungeon Crawl Stone Soup version 0.29-a0-1016-g236c7fd91e (webtiles) character file.

Game seed: 14625189622115219505

1865 Gwenloh the Sneak (level 8, -2/63 HPs)
             Began as a Demonspawn Brigand on Aug 8, 2022.
             Was a Follower of Dithmenos.
             Slain by a four-headed hydra (5 damage)
             ... on level 6 of the Dungeon on Aug 9, 2022.
             The game lasted 00:27:14 (9022 turns).

Gwenloh the Sneak (Demonspawn Brigand)              Turns: 9022, Time: 00:27:15

Health: -2/63      AC:  5    Str: 12    XL:     8   Next: 90%
Magic:  12/12      EV: 14    Int: 12    God:    Dithmenos [*.....]
Gold:   235        SH:  0    Dex: 17    Spells: 7/7 levels left

rFire   . . .      SeeInvis +   a - +2 short sword (freeze)
rCold   . . .      Faith    .   (no shield)
rNeg    + . .      Spirit   .   y - +0 robe
rPois   .          Reflect  .   (helmet restricted)
rElec   .          Harm     .   c - +0 cloak
rCorr   .          Rampage  .   s - +0 pair of gloves
Will    .....                   (no boots)
Stlth   ++++......              (no amulet)
HPRegen 0.20/turn               v - ring of positive energy
MPRegen 0.13/turn               B - ring of see invisible

@: hasted, wreathed by umbra, very quick
A: antennae 2, powered by pain 1, sharp scales 1
a: Renounce Religion


You were on level 6 of the Dungeon.
You worshipped Dithmenos.
Dithmenos was aware of your devotion.
You visited 1 branch of the dungeon, and saw 7 of its levels.

You collected 235 gold pieces.

Inventory:

Hand Weapons
 a - a +2 short sword of freezing (weapon)
 b - the +8 trident of the Octopus King {venom, rElec rPois}
   (You took it off an orc on level 5 of the Dungeon)

   It poisons the flesh of those it strikes.
   rElec:     It insulates you from electricity.
   rPois:     It protects you from poison.
 j - a +2 dagger
 k - a +1 falchion of venom
 C - the +6 spear of Reinforcement {vorpal, SInv}
   (You found it on level 5 of the Dungeon)

   It inflicts extra damage upon your enemies.
   SInv:      It lets you see invisible.
Missiles
 d - 5 poisoned darts
 g - 74 stones
 x - 2 curare-tipped darts (quivered)
 E - 3 silver javelins
Armour
 c - a +0 cloak (worn)
 s - a +0 pair of gloves (worn)
 y - a +0 robe (worn)
Jewellery
 q - a ring of ice
 v - a ring of positive energy (left hand)
 B - a ring of see invisible (right hand)
Wands
 A - a wand of roots (13)
Scrolls
 h - a scroll of torment {unknown}
 l - 2 scrolls of magic mapping
 n - a scroll of fear {unknown}
 p - a scroll of blinking {unknown}
 r - 2 scrolls of identify {unknown}
 D - a scroll of brand weapon {unknown}
Potions
 f - a potion of brilliance {unknown}
 i - a potion of haste
 m - a potion of might {unknown}
 o - 2 potions of curing {unknown}
 t - 2 potions of degeneration {unknown}
 u - a potion of resistance {unknown}
 w - 2 potions of heal wounds {unknown}
 z - a potion of lignification {unknown}
 F - a potion of flight {unknown}


   Skills:
 + Level 5.5 Fighting
 + Level 5.0 Short Blades
 - Level 1.7 Throwing
 + Level 4.7 Dodging
 + Level 6.4 Stealth
 + Level 6.0 Invocations


You had 7 spell levels left.
You didn't know any spells.
Your spell library contained the following spells:

 Spells                   Type           Power      Damage    Failure   Level
 Gell's Gravitas          Tloc           0%         N/A       69%         3
 Lesser Beckoning         Tloc           0%         N/A       69%         3
 Teleport Other           Tloc           0%         N/A       69%         3
 Dispersal                Tloc           0%         N/A       100%        6


Dungeon Overview and Level Annotations

Branches:
Dungeon (7/15)
 Temple: D:4-7

Altars:
Ashenzari
Cheibriados
Dithmenos
Gozag
Hepliaklqana
Kikubaaqudgha
Qazlal
Trog
Vehumet

Annotations:
D:4 Pikel


Innate Abilities, Weirdness & Mutations

You have a pair of antennae on your head.
You sometimes gain a little power by taking damage.
You are partially covered in razor-sharp scales. (AC +1, Slay +1)


Message History

The helpless white imp fails to defend itself.
You stick the white imp like a pincushion!!!
You kill the white imp!
Dithmenos accepts your kill.
Found a short sword.
You see here a +0 short sword.
Done exploring.
Done exploring.
Search for what [Enter for ":5", or ? for help]? :6 You see here an adder skeleton.
There is an open door here.
There is a stone staircase leading down here.
You climb downwards.
Found 17 gold pieces and 6 stones.
Found a stone staircase leading up.
There is a stone staircase leading up here.
There is a stone staircase leading up here.
A four-headed hydra comes into view.
Found 3 scrolls labelled QIEFICH HUUQIE.
You see here 3 scrolls labelled QIEFICH HUUQIE.
The helpless four-headed hydra fails to defend itself.
You impale the four-headed hydra!! You freeze the four-headed hydra.
The four-headed hydra is moderately wounded.
The four-headed hydra bites you but does no damage.
The four-headed hydra completely misses you.
The four-headed hydra bites you. x2
You see here 3 scrolls labelled QIEFICH HUUQIE.
The four-headed hydra attacks as you move away!
The four-headed hydra bites you! x4
* * * LOW HITPOINT WARNING * * *
There is a stone staircase leading up here.
The four-headed hydra barely misses you.
The four-headed hydra bites you!
* * * LOW HITPOINT WARNING * * *
The four-headed hydra closely misses you.
The four-headed hydra barely misses you.
You climb upwards.
There is a stone staircase leading down here.
Okay, then.
You feel yourself speed up. The four-headed hydra bites you.
You die...

######### ........#
........################
........##)............#
........##.............#
........##.............#
........##.............#
........##.............#
.......÷.'......@D.....#
........##.............#
##########.............######
......# #...÷..............#
#####.## #..............###.#
#..# #...............##.#
######.# #.####.#######..##.#
...###.###+####....#...#....##
#..................#.........##


You could see a four-headed hydra.

Vanquished Creatures
  Sigmund (D:2)
  Menkaure (D:4)
  A water moccasin (D:5)
  2 ice beasts
  An ogre (D:5)
  3 black bears (D:5)
  2 lemures (D:3)
  A phantom (D:5)
  A necrophage (D:6)
  A bullfrog (D:6)
  4 wights (D:6)
  An orc priest (D:5)
  2 jellies
  4 hounds
  3 iguanas
  An orc wizard (D:2)
  4 gnolls (D:4)
  6 adders
  2 shadow imps
  A white imp (D:6)
  2 worms
  A dart slug (D:1)
  6 orcs
  8 endoplasms
  2 giant cockroaches
  8 goblins
  5 hobgoblins
  9 jackals (D:1)
  6 kobolds
  5 quokkas
  12 ball pythons
  4 bats
  2 frilled lizards (D:1)
  6 rats
118 creatures vanquished.

Vanquished Creatures (others)
  A human (D:3)
  6 fungi (D:2)
  4 plants (D:2)
11 creatures vanquished.

Grand Total: 129 creatures vanquished

Notes
Turn   | Place    | Note
-------+----------+-------------------------------------------
     0 | D:1      | Gwenloh the Demonspawn Brigand began the quest for the Orb.
     0 | D:1      | Reached XP level 1. HP: 16/16 MP: 1/1
    48 | D:1      | Reached skill level 1 in Dodging
   393 | D:1      | Gained mutation: You have a pair of small antennae on your
                  | head. [demonic ancestry]
   393 | D:1      | Reached XP level 2. HP: 7/22 MP: 2/2
  1658 | D:1      | Gained mutation: You sometimes gain a little power by
                  | taking damage. [demonic ancestry]
  1658 | D:1      | Reached XP level 3. HP: 28/28 MP: 3/3
  2214 | D:2      | Found a faded altar of an unknown god.
  2283 | D:2      | Gained mutation: You are partially covered in razor-sharp
                  | scales. (AC +1, Slay +1) [demonic ancestry]
  2283 | D:2      | Reached XP level 4. HP: 34/34 MP: 4/4
  2531 | D:2      | Noticed Sigmund
  2767 | D:2      | Found a shadowy altar of Dithmenos.
  2783 | D:2      | Became a worshipper of Dithmenos the Shadowed
  2963 | D:2      | Killed Sigmund
  2964 | D:2      | Reached XP level 5. HP: 30/41 MP: 4/6
  2964 | D:2      | Gained mutation: You have a pair of antennae on your head.
                  | [demonic ancestry]
  2964 | D:2      | Reached XP level 6. HP: 34/47 MP: 4/7
  3587 | D:3      | Found an ancient bone altar of Kikubaaqudgha.
  3588 | D:3      | Noticed a human
  3592 | D:3      | Killed a human
  4350 | D:4      | Noticed Pikel
  4661 | D:4      | Noticed Menkaure
  4661 | D:4      | Noticed an ice beast
  5051 | D:4      | Found an opulent altar of Gozag.
  5163 | D:4      | Found a broken altar of Ashenzari.
  5163 | D:4      | Found a radiant altar of Vehumet.
  5163 | D:4      | Found a hazy altar of Hepliaklqana.
  5166 | D:4      | Found a shadowy altar of Dithmenos.
  5166 | D:4      | Found a snail-covered altar of Cheibriados.
  5166 | D:4      | Found a stormy altar of Qazlal.
  5193 | D:5      | Entered Level 5 of the Dungeon
  5872 | D:4      | Killed Menkaure
  5873 | D:4      | Reached skill level 5 in Stealth
  5873 | D:4      | Reached XP level 7. HP: 26/53 MP: 7/9
  6958 | D:5      | Identified the +6 spear of Reinforcement {vorpal, SInv}
  7011 | D:5      | Found a bloodstained altar of Trog.
  7593 | D:5      | Reached * piety under Dithmenos
  7594 | D:5      | Reached XP level 8. HP: 33/61 MP: 11/11
  8123 | D:5      | Upgraded the game from 0.29-a0-1009-g60c99734e7 to
                  | 0.29-a0-1016-g236c7fd91e
  8163 | D:5      | Reached skill level 5 in Invocations
  8324 | D:6      | Reached skill level 5 in Fighting
  8453 | D:6      | Identified the +1 trident "Niczeu" {venom, Int+2}
  8661 | D:6      | Reached skill level 5 in Short Blades
  9011 | D:7      | Noticed a four-headed hydra
  9020 | D:7      | HP: 2/63 [four-headed hydra (14)]
  9022 | D:6      | Slain by a four-headed hydra

Illustrated notes

Levels and vault maps discovered:
D:1:      ncdulo_halloftheorcs, layout_basic, minmay_liquid_box
D:2:      layout_rooms, dreamdust_ecumenical_altar_grove, basic_altar,
          uniq_sigmund
D:3:      layout_basic, tgw_kikubaaqudgha, mainiacjoe_overflow_six_doors_small
D:4:      layout_loops_corners, grunt_temple_overflow_gold_and_silver,
          grunt_temple_overflow_open, kennysheep_cross_bottleneck, uniq_pikel,
          uniq_menkaure
D:5:      layout_gridville, trog_ov_bears_minmay
D:6:      layout_basic, hangedman_abyss_or_decor_stagger
D:7:      layout_layer_cave, temple_pool_b

Skill      XL: |  1  2  3  4  5  6  7  8 |
---------------+-------------------------+-----
Dodging        | 1 2 3 4 |  4.7
Short Blades   | 2 3 4 5 |  5.0
Stealth        | 4 5 6 |  6.4
Fighting       | 3 4 5 |  5.5
Invocations    | 2 3 4 6 |  6.0
Throwing       | |  1.7

Action                   |  1- 3 |  4- 6 |  7- 9 || total
-------------------------+-------+-------+-------++-------
Melee: Dagger            |    67 |       |       ||    67
       Short sword       |    37 |   142 |    45 ||   224
       Punch             |       |     1 |       ||     1
       Trident           |       |       |    59 ||    59
       Spear             |       |       |    16 ||    16
Throw: Dart              |    10 |     8 |     1 ||    19
       Stone             |     4 |     5 |       ||     9
Evoke: Wand              |       |       |    17 ||    17
  Use: Potion            |       |     1 |     1 ||     2
       Scroll            |       |     1 |       ||     1
 Stab: Sleeping          |    12 |     7 |    12 ||    31
       Distracted        |       |     1 |       ||     1
Armor: Robe              |    20 |    37 |    40 ||    97
Dodge: Dodged            |    39 |    85 |    81 ||   205

Table legend: (Time is in decaauts)
 A = Elapsed time spent in this place.
 B = Non-inter-level travel time spent in this place.
 C = Inter-level travel time spent in this place.
 D = Time resting spent in this place.
 E = Time spent auto-exploring this place.
 F = Levels seen in this place.
 G = Mean time per level.
                   A        B        C        D        E       F      G
               +--------+--------+--------+--------+--------+-----+--------+
         Total |   9007 |   8552 |    455 |   1441 |   4945 |   7 | 1286.7 |
       Dungeon |   9007 |   8552 |    455 |   1441 |   4945 |   7 | 1286.7 |
               +--------+--------+--------+--------+--------+-----+--------+

Top non-repeatable levels by time:
     D:1: 2634 daAuts
     D:4: 1757 daAuts
     D:5: 1576 daAuts
     D:3: 1529 daAuts
     D:2: 796 daAuts
     D:6: 695 daAuts
     D:7: 18 daAuts
